Cogmind - Beta 13 @@@ ROGUE MODE // 2024.04.23 @ 22:33:34 Player: Alterum Result: Destroyed by G-50 Soldier with Heavy Laser Performance ------------- Evolutions (4) 2000 Regions Visited (12) 2400 Robots Destroyed (165) 825 Value Destroyed (7118) 7118 Prototype IDs (36) 720 Alien Tech Used (0) 0 Bonus (2800) 2800 TOTAL SCORE: 15863 Bonus ------- High Alert Combat Kills 2273 Follower Combat Kills 585 Entered Garrisons 400 Used RIF Installer 500 Aligned with FarCom 300 Friendly Fire -1258 Cogmind --------- Core Integrity 0/850 Matter 300/300 Energy 98/100 System Corruption 17% Temperature Cool (9) Movement Core (50) Location -6/Extension Parts ------- > --- POWER (2) -------- (None) > --- PROPULSION (5) --- (None) > --- UTILITY (5) ------ Target Analyzer Relay Coupler [Hunter] (20) > --- WEAPON (3) ------- (None) > --- INVENTORY (5) ---- Relay Coupler [Swarmer] (57) Relay Coupler [Sentry] (23) Relay Coupler [Specialist] (19) Improved Heavy Laser Railgun Peak State ------------ > --- POWER ------------ Improved Deuterium Engine > --- PROPULSION ------- Flexi-carbon Leg Flexi-carbon Leg Armored Leg > --- UTILITY ---------- Advanced Heat Sink Advanced Heat Sink Advanced Heat Sink High-capacity Storage Unit Core Analyzer > --- WEAPON ----------- Lightning Gun Firepult > --- INVENTORY -------- Advanced Targeting Computer Target Analyzer Improved Particle Charger Medium Reactive Plating Medium Reactive Plating Remote Shield Relay Coupler [Swarmer] Relay Coupler [Duelist] Relay Coupler [Sentry] Relay Coupler [Specialist] Relay Coupler [Hunter] Improved Heavy Laser Heavy Plasma Cannon Railgun Heavy Flak Cannon Proton Missile Launcher Improved Datajack [Rating: 70] Favorites ----------- Power Ion Engine Engine Ion Engine Power Core Nuclear Core Propulsion Advanced Treads Treads Advanced Treads Leg Improved Titanium Leg Flight Unit Nuclear Pulse Thruster Utility Core Analyzer Device Advanced Heat Sink Storage High-capacity Storage Unit Processor Core Analyzer Hackware Relay Coupler [Hunter] Protection Improved Medium Armor Plating Weapon Improved Heavy Laser Energy Gun Improved Heavy Laser Energy Cannon Firepult Ballistic Gun Railgun Ballistic Cannon Heavy Flak Cannon Launcher Proton Missile Launcher Special Melee Weapon Datajack Build | -11 -10 -10 -10 -9 -8 -8 -7 -7 -7 -7 -6 -6 ------- Run | Yrd Mat Min Exi Min Mat Sto Fac Gar Fac Gar Fac Ext Slots Evolved 8 | . . . . . 4 . 2 . . . 2 . Power 1 | . . . . . 1 . . . . . . . Propulsion 3 | . . . . . 2 . . . . . 1 . Utility 3 | . . . . . 1 . 2 . . . . . Weapon 1 | . . . . . . . . . . . 1 . Parts Attached 214 | 6 4 2 1 5 25 39 8 29 6 33 46 10 Power 22 | 1 1 . . . 3 8 . 1 2 3 2 1 Engine 17 | 1 1 . . . 3 8 . . 1 1 1 1 Core 5 | . . . . . . . . 1 1 2 1 . Reactor . | . . . . . . . . . . . . . Propulsion 22 | 2 . . . 2 . 8 1 . 2 2 4 1 Treads 12 | 2 . . . . . 5 1 . 2 2 . . Leg 9 | . . . . 2 . 3 . . . . 4 . Wheel . | . . . . . . . . . . . . . Hover . | . . . . . . . . . . . . . Flight 1 | . . . . . . . . . . . . 1 Utility 67 | 1 1 1 . 1 11 6 4 14 2 8 13 5 Device 47 | . 1 . . . 9 5 4 9 2 5 10 2 Storage 4 | 1 . 1 . . 1 1 . . . . . . Processor 3 | . . . . 1 1 . . . . . . 1 Hackware 1 | . . . . . . . . . . . . 1 Protection 12 | . . . . . . . . 5 . 3 3 1 Artifact . | . . . . . . . . . . . . . Weapon 103 | 2 2 1 1 2 11 17 3 14 . 20 27 3 Energy Gun 42 | 1 1 1 . 1 4 8 2 5 . 10 9 . Energy Cannon 22 | . . . 1 . 4 6 . 4 . 1 4 2 Ballistic Gun 14 | 1 1 . . 1 . 3 . 1 . 3 4 . Ballistic Cannon 4 | . . . . . . . . . . . 4 . Launcher 17 | . . . . . . . 1 4 . 6 6 . Special Weapon . | . . . . . . . . . . . . . Impact Weapon . | . . . . . . . . . . . . . Slashing Weapon . | . . . . . . . . . . . . . Piercing Weapon . | . . . . . . . . . . . . . Special Melee Weapon 4 | . . . . . 3 . . . . . . 1 Unidentified Prototypes 7 | . . . . . . 7 . . . . . . Corrupted Parts 2 | . . . . . . . . . . . 2 . System Corruption 13 | . . . . . . . . . . . 13 . Parts Lost 27 | . . 1 . . . 1 . . . 2 9 14 Power 5 | . . . . . . 1 . . . . 1 3 Propulsion 9 | . . . . . . . . . . 2 2 5 Utility 7 | . . . . . . . . . . . 4 3 Weapon 6 | . . 1 . . . . . . . . 2 3 Highest Loss Streak 7 | . . 1 . . . 1 . . . 1 2 7 To Critical Strikes . | . . . . . . . . . . . . . Average Slot Usage (%) 91 | . 99 100 97 96 76 84 100 99 99 99 82 83 Engine 11 | . 14 14 14 14 17 13 15 7 8 8 6 5 Core 2 | . . . . . . . . 6 5 5 3 4 Treads 17 | . 28 28 28 3 . 6 30 30 29 29 11 . Leg 9 | . . . . 24 18 28 . . . . 9 23 Device 10 | . 13 14 14 4 7 9 23 11 6 7 11 11 Storage 9 | . 14 14 14 14 8 9 7 7 7 7 6 5 Processor 5 | . . . . 9 9 9 7 7 7 7 6 6 Protection 4 | . . . . . . . . 10 15 14 6 5 Energy Gun 6 | . 14 14 11 10 6 1 8 6 7 6 5 . Energy Cannon 2 | . . . 1 3 2 7 . . . . 3 4 Ballistic Gun 5 | . 14 14 12 10 1 . . . . 3 4 4 Launcher 2 | . . . . . . . 5 5 7 2 3 4 Naked Turns . | . . . . . . . . . . . . . Heaviest Build 117 | 12 17 31 48 48 55 80 76 98 101 117 114 101 Greatest Support 88 | 40 40 40 40 40 40 86 88 88 88 88 88 71 Greatest Overweight (x) 28 | . . . 1 2 1 1 . 1 1 1 28 1 Average Overweight (x) . | . . . . . . . . . 1 . . . Largest Inventory Capacity 20 | 8 8 15 15 15 15 20 20 20 20 20 20 20 Average Capacity 17 | 7 8 14 15 15 14 19 20 20 20 20 20 18 Most Carried 20 | 5 8 11 14 15 15 20 20 20 20 20 20 19 Average Carried 15 | 3 6 9 13 13 12 18 19 18 19 18 18 16 Final Capacity 20 | 8 8 15 15 15 15 20 20 20 20 20 20 5 Final Carried 20 | 4 8 11 12 15 13 18 19 20 20 17 19 5 Class Distribution -------------------- 73% | Mutant 13% | Bothacker-Tank 4% | Commander-Mutant 3% | Bothacker-Skirmisher Dominant Class ---------------- Mutant | -10/Materials Mutant | -10/Mines Mutant | -10/Exiles Mutant | -9/Mines Mutant | -8/Materials Mutant | -8/Storage Commander-Mutant | -7/Factory Mutant | -7/Garrison Mutant | -7/Factory Mutant | -7/Garrison Bothacker-Tank | -6/Factory Bothacker-Tank | -6/Extension Resources | -11 -10 -10 -10 -9 -8 -8 -7 -7 -7 -7 -6 -6 ----------- Run | Yrd Mat Min Exi Min Mat Sto Fac Gar Fac Gar Fac Ext Matter Collected 3140 | 204 13 232 . 72 221 381 60 395 70 503 872 117 Remotely . | . . . . . . . . . . . . . Salvage Created 7675 | . 13 26 . 30 995 2747 178 924 . 875 1887 . Parts 303 | . . 4 . 4 30 88 10 33 . 52 82 . Haulers Intercepted 5 | . . . . . 1 3 . . . . 1 . Recyclers Shooed 3 | . . . . . 1 1 . . . . 1 . Parts Field Recycled 4 | . . . . . 4 . . . . . . . Retrieved Matter 63 | . . . . . 63 . . . . . . . Parts Self-Destructed . | . . . . . . . . . . . . . Prevented . | . . . . . . . . . . . . . Kills | -11 -10 -10 -10 -9 -8 -8 -7 -7 -7 -7 -6 -6 ------- Run | Yrd Mat Min Exi Min Mat Sto Fac Gar Fac Gar Fac Ext Combat Hostiles Destroyed 119 | . . 4 . 2 12 43 . 17 . 19 22 . Guns 31 | . . 4 . 2 . . . 2 . 11 12 . Cannons 13 | . . . . . 2 4 . 3 . . 4 . AOE 51 | . . . . . 7 24 . 9 . 7 4 . Classes Destroyed 17 | . 1 3 . . 9 3 . 1 . . . . Worker 14 | . . . . . 3 2 1 . . . 8 . Builder 8 | . . . . . 2 1 . . . . 5 . Tunneler 1 | . . . . . 1 . . . . . . . Hauler 5 | . . . . . 1 3 . . . . 1 . Recycler 6 | . . . . . 3 2 . . . . 1 . Mechanic 3 | . . . . . 1 2 . . . . . . Watcher 8 | . 1 . . . 3 1 . . . . 3 . Swarmer 14 | . . 2 . 2 3 . . 1 . 6 . . Grunt 69 | . . . . . 7 28 4 9 . 7 14 . Brawler 3 | . . . . . . 1 . . . . 2 . Duelist 3 | . . . . . 1 1 . . . . 1 . Protector 1 | . . . . . . 1 . . . . . . Sentry 17 | . . . . . 1 10 . 5 . 1 . . Demolisher 1 | . . 1 . . . . . . . . . . Hunter 5 | . . . . . . 2 . 1 . 1 1 . Programmer 9 | . . . . . . . . 1 . 4 4 . Assembled 1 | . . 1 . . . . . . . . . . Thug 1 | . . . . . . 1 . . . . . . Best Kill Streak 14 | . 1 4 . 2 9 14 1 5 . 3 10 . Combat Bots Only 9 | . . 4 . 2 6 9 . 5 . 3 5 . Max Kills in Single Turn 5 | . 1 1 . 1 4 5 4 2 . 2 4 . Gunslinging 1 | . . . . . . . . . . 1 . . Exploded 4 | . . . . . 2 4 . 2 . 2 1 . Melee . | . . . . . . . . . . . . . Uniques/NPCs Destroyed . | . . . . . . . . . . . . . Combat | -11 -10 -10 -10 -9 -8 -8 -7 -7 -7 -7 -6 -6 -------- Run | Yrd Mat Min Exi Min Mat Sto Fac Gar Fac Gar Fac Ext Hostile Shots Fired 636 | . . 7 . 6 22 59 4 115 . 72 104 247 Missed 244 | . . 2 . 4 7 25 1 47 . 22 30 106 Damage Taken 5638 | . . 150 . 44 196 663 103 692 . 757 1229 1804 Core 1095 | . . 7 . . 45 69 . 73 . 47 159 695 Absorbed by Shields 299 | . . . . . 52 . 33 52 . 41 121 . Ignored by Resistances 264 | . . . . . . . . 46 . 33 . 185 Regen/Repaired (Parts) 217 | . . . . . 217 . . . . . . . Core Remaining (%) 89 | 100 . . . 97 . 79 . . . 82 . . Volleys Fired 245 | . 5 6 . 3 27 64 6 29 . 39 64 2 Largest 3 | . 2 2 . 2 1 1 1 2 . 2 3 3 Hottest 305 | . 70 88 . 83 250 250 50 250 . 250 305 161 Shots Fired 361 | . 10 12 . 6 27 64 6 37 1 66 125 7 Gun 191 | . 10 12 . 6 15 6 1 12 1 52 73 3 Cannon 129 | . . . . . 12 58 . 13 . 8 36 2 Launcher 41 | . . . . . . . 5 12 . 6 16 2 Special . | . . . . . . . . . . . . . Kinetic 90 | . 5 6 . 3 . . . . . 22 51 3 Thermal 170 | . 5 6 . . 12 60 . 22 1 26 36 2 Explosive . | . . . . . . . . . . . . . Electromagnetic 101 | . . . . 3 15 4 6 15 . 18 38 2 Robot Hit Streak 17 | . 5 2 . 1 10 10 2 12 . 17 9 3 Robot Miss Streak 7 | . 5 2 . 3 4 5 . 2 . 7 5 3 Penetration Max 1 | . . . . 1 . . . . . . 1 . Secondary Targets 3 | . . 1 . . . . . . . 2 . . Max Gunslinging Chain 1 | . . 1 . . . . . . . 1 . . Shots Hit Robots 220 | . 5 5 . 2 26 38 1 28 . 33 77 5 Core Hits 322 | . 1 4 . 2 39 104 10 36 . 34 88 4 Critical Kills 1 | . . . . . . . . . . . 1 . Critical Parts Destroyed . | . . . . . . . . . . . . . Critical Strikes 4 | . . 1 . . . . . 1 . 1 1 . Burn 3 | . . 1 . . . . . 1 . 1 . . Destroy 1 | . . . . . . . . . . . 1 . Melee Attacks 6 | . . . . . 3 . . . . . . 3 Impact . | . . . . . . . . . . . . . Slashing . | . . . . . . . . . . . . . Piercing . | . . . . . . . . . . . . . Sneak Attacks 2 | . . . . . 2 . . . . . . . Combat Hostiles . | . . . . . . . . . . . . . Follow-up Attacks . | . . . . . . . . . . . . . Damage Inflicted 12071 | 1 63 123 . 57 1652 3240 777 1127 . 1316 3489 226 Guns 2733 | . 63 123 . 57 285 27 25 169 . 724 1203 57 Cannons 1917 | . . . . . 344 639 . 224 . 49 628 33 Explosions 7345 | . . . . . 1020 2556 752 734 . 543 1623 117 Melee . | . . . . . . . . . . . . . Ramming 76 | 1 . . . . 3 18 . . . . 35 19 Kinetic 1347 | . 39 61 . 57 . . . . . 216 917 57 Thermal 8250 | . 24 62 . . 1364 3222 560 872 . 804 1309 33 Explosive . | . . . . . . . . . . . . . Electromagnetic 2398 | . . . . . 285 . 217 255 . 296 1228 117 Impact . | . . . . . . . . . . . . . Slashing . | . . . . . . . . . . . . . Piercing . | . . . . . . . . . . . . . Highest Corruption 17 | . . . . . . . . 1 1 3 17 17 Average Corruption 5 | . . . . . . . . 1 1 2 5 17 Corruption Purged . | . . . . . . . . . . . . . Corruption Blocked . | . . . . . . . . . . . . . Effects 95 | . . . . . . . . 1 3 25 36 30 Message Errors 22 | . . . . . . . . . . 6 6 10 Matter Fused 22 | . . . . . . . . . 1 4 11 6 Heat Flow Errors 16 | . . . . . . . . . . 5 6 5 Energy Discharges 11 | . . . . . . . . . . 3 5 3 Parts Rejected 1 | . . . . . . . . . . . . 1 Parts Fused 2 | . . . . . . . . . . 1 1 . Data Loss (minor) 6 | . . . . . . . . . . 3 3 . Data Loss (major) 4 | . . . . . . . . . 1 2 . 1 Misfires 6 | . . . . . . . . 1 1 1 2 1 Alerts 3 | . . . . . . . . . . . 2 1 Misdirections 2 | . . . . . . . . . . . . 2 Overload Shots . | . . . . . . . . . . . . . Overflow Damage 146 | . . . . . 3 16 72 . . . 55 . Projectiles 42 | . . . . . . 16 . . . . 26 . Explosions 104 | . . . . . 3 . 72 . . . 29 . Melee . | . . . . . . . . . . . . . Knockbacks 15 | . . . . . . 2 . . . . 13 . Impact 2 | . . . . . . 2 . . . . . . Kinetic 13 | . . . . . . . . . . . 13 . Secondary . | . . . . . . . . . . . . . Self-Inflicted Damage 475 | . . . . . 36 91 . 129 . 77 101 41 Shots 49 | . . . . . 4 15 . 13 . 10 5 2 Rammed 2 | 1 . . . . . . . . . . 1 . Targets Rammed 8 | 1 . . . . 1 2 . . . . 3 1 Kicked 4 | . . . . . 1 1 . . . . 1 1 Crushed 2 | . . . . . . 1 . . . . 1 . Highest Temperature 622 | . 27 104 . 63 499 394 . 416 38 622 321 226 Average Temperature 118 | . 11 45 . 33 151 130 . 142 21 118 85 85 Received Heat Transfer 1736 | . . . . . 85 252 26 193 . 221 407 552 Effects 18 | . . . . . 1 5 . 5 . 7 . . Shutdowns 4 | . . . . . 1 . . 2 . 1 . . Energy Bleed 2 | . . . . . . . . 1 . 1 . . Interference 9 | . . . . . . 4 . 2 . 3 . . Matter Decay 1 | . . . . . . . . . . 1 . . Short Circuit 1 | . . . . . . . . . . 1 . . Damage (minor) 1 | . . . . . . 1 . . . . . . Siege Activations . | . . . . . . . . . . . . . Robots Corrupted . | . . . . . . . . . . . . . Combat Hostiles . | . . . . . . . . . . . . . Parts Fried 12 | . . . . . 5 . . . . 1 6 . Impact Corruptions . | . . . . . . . . . . . . . Robots Melted 26 | . . . . . 3 17 . 3 . 1 2 . Combat Hostiles 24 | . . . . . 3 15 . 3 . 1 2 . Parts Melted 127 | . 1 1 . . 23 68 . 14 . 5 15 . Heat Transferred 34589 | . 74 222 . . 6640 16115 437 4142 . 3158 3751 50 Parts Sabotaged 6 | . . . . . . . . . . . 6 . Parts Stolen . | . . . . . . . . . . . . . Parts Stripped . | . . . . . . . . . . . . . Power Chain Reactions 5 | . . . . . . . . . . 1 4 . Alert | -11 -10 -10 -10 -9 -8 -8 -7 -7 -7 -7 -6 -6 ------- Run | Yrd Mat Min Exi Min Mat Sto Fac Gar Fac Gar Fac Ext Peak Influence 1681 | . 45 170 . 50 298 1681 1042 1635 859 1402 975 477 Initial 858 | . . 17 . . . 125 764 599 858 601 735 477 Average 646 | . 3 56 . 11 126 859 872 1218 858 1006 715 393 Maximum Alert Level 5 | . . . . . 1 5 3 5 3 4 3 2 Low Security (%) 28 | 100 100 100 . 100 77 10 . . . . . . Level 1 4 | . . . . . 22 1 . . . . . 42 Level 2 16 | . . . . . . 30 . 5 . 14 31 57 Level 3 33 | . . . . . . 34 100 36 100 40 68 . Level 4 15 | . . . . . . 22 . 48 . 45 . . Level 5 1 | . . . . . . . . 9 . . . . High Security . | . . . . . . . . . . . . . Max Security . | . . . . . . . . . . . . . Squads Dispatched 30 | . 1 . . . 1 12 3 . . . 10 3 Investigation 7 | . . . . . 1 4 1 . . . . 1 Extermination 4 | . . . . . . . . . . . 4 . Reinforcement 11 | . 1 . . . . 3 2 . . . 4 1 Assault 7 | . . . . . . 4 . . . . 2 1 Garrison 1 | . . . . . . 1 . . . . . . Intercept . | . . . . . . . . . . . . . Searches Triggered . | . . . . . . . . . . . . . Construction Impeded 5 | . . . . . . 1 . . . . 4 . Haulers Reinforced . | . . . . . . . . . . . . . Active Scanning Responses . | . . . . . . . . . . . . . Cargo Convoy Interrupts . | . . . . . . . . . . . . . Stealth | -11 -10 -10 -10 -9 -8 -8 -7 -7 -7 -7 -6 -6 --------- Run | Yrd Mat Min Exi Min Mat Sto Fac Gar Fac Gar Fac Ext Distress Signals 9 | . 1 . . . 3 3 . . . . 1 1 Communications Jammed . | . . . . . . . . . . . . . Distress Signals . | . . . . . . . . . . . . . Times Spotted 220 | . 5 23 . 2 17 54 5 24 . 21 32 37 Peak Tracking Total 18 | . 4 16 . 2 7 10 3 6 . 7 6 18 Tactical Retreats 13 | . 1 . . . . 1 . 1 . 2 2 6 Traps | -11 -10 -10 -10 -9 -8 -8 -7 -7 -7 -7 -6 -6 ------- Run | Yrd Mat Min Exi Min Mat Sto Fac Gar Fac Gar Fac Ext Traps Triggered 22 | . . . . . 1 2 2 5 2 8 . 2 Indirectly 6 | . . . . . . . . 2 . 4 . . Trap Hack Attempts . | . . . . . . . . . . . . . Triggered . | . . . . . . . . . . . . . Disarmed . | . . . . . . . . . . . . . Reprogrammed . | . . . . . . . . . . . . . Reused . | . . . . . . . . . . . . . Traps Extracted . | . . . . . . . . . . . . . Installed . | . . . . . . . . . . . . . Triggered . | . . . . . . . . . . . . . Machines | -11 -10 -10 -10 -9 -8 -8 -7 -7 -7 -7 -6 -6 ---------- Run | Yrd Mat Min Exi Min Mat Sto Fac Gar Fac Gar Fac Ext Machines Disabled 46 | . . . . . 4 16 7 4 . 5 10 . Max in Single Turn 4 | . . . . . 2 1 3 1 . 2 4 . Garrison Access 1 | . . . . . . 1 . . . . . . Garrison Relay 3 | . . . . . . . . 2 . 1 . . Phase Generator 2 | . . . . . . . . 1 . 1 . . Machines Repaired . | . . . . . . . . . . . . . Machines Dismantled . | . . . . . . . . . . . . . Machines Sabotaged . | . . . . . . . . . . . . . Overloaded Fab Kills . | . . . . . . . . . . . . . Hacking | -11 -10 -10 -10 -9 -8 -8 -7 -7 -7 -7 -6 -6 --------- Run | Yrd Mat Min Exi Min Mat Sto Fac Gar Fac Gar Fac Ext Machines Accessed 42 | . 3 1 3 2 4 12 7 1 1 1 5 2 Terminals 28 | . 2 1 . 1 2 10 5 1 . 1 3 2 Fabricators . | . . . . . . . . . . . . . Repair Stations 2 | . . . . . 1 1 . . . . . . Recycling Units 5 | . 1 . . . 1 1 1 . . . 1 . Scanalyzers 1 | . . . . . . . . . . . 1 . Garrison Access 2 | . . . . . . . 1 . 1 . . . Total Hacks 118 | . 12 1 14 4 15 34 17 2 2 2 9 6 Successful 64 | . 5 1 14 1 12 16 7 . 2 . 3 3 Failed 54 | . 7 . . 3 3 18 10 2 . 2 6 3 Catastrophic 10 | . 1 . . . . 4 3 . . . 1 1 Database Lockouts . | . . . . . . . . . . . . . Manual 1 | . . . 1 . . . . . . . . . Terminals 70 | . 8 1 . 3 7 27 9 2 . 2 5 6 Fabricators . | . . . . . . . . . . . . . Repair Stations 7 | . . . . . 5 2 . . . . . . Recycling Units 17 | . 4 . . . 3 5 3 . . . 2 . Scanalyzers 2 | . . . . . . . . . . . 2 . Garrison Access 7 | . . . . . . . 5 . 2 . . . Terminal Hacks 47 | . 3 1 14 1 5 13 5 . . . 2 3 Record 21 | . . . 13 . . 3 4 . . . . 1 Part Schematic 1 | . . . . . . 1 . . . . . . Prototype ID Bank 3 | . 1 . . . . 2 . . . . . . Open Door 6 | . . . . 1 . 3 . . . . 1 1 Open DSF 2 | . . . . . . . 1 . . . 1 . Branch Access Points 1 | . . . . . 1 . . . . . . . Fabricator Index 1 | . . . . . . 1 . . . . . . Alert Level 3 | . . . . . 1 2 . . . . . . Locate Traps 1 | . 1 . . . . . . . . . . . Dispatch Records 1 | . . . . . 1 . . . . . . . Patrol Status 1 | . . 1 . . . . . . . . . . Investigation Status 1 | . . . . . 1 . . . . . . . Hauler Manifests 1 | . 1 . . . . . . . . . . . Zone Layout 3 | . . . . . 1 1 . . . . . 1 Derelict Proto ID Bank 1 | . . . 1 . . . . . . . . . Fabricator Hacks . | . . . . . . . . . . . . . Repair Station Hacks 6 | . . . . . 5 1 . . . . . . Scan Component 4 | . . . . . 3 1 . . . . . . Repair 2 | . . . . . 2 . . . . . . . Recycling Unit Hacks 7 | . 2 . . . 2 2 1 . . . . . Process 1 | . . . . . . 1 . . . . . . Report Inventory 4 | . 1 . . . 1 1 1 . . . . . Retrieve Components 2 | . 1 . . . 1 . . . . . . . Scanalyzer 1 | . . . . . . . . . . . 1 . Insert Component 1 | . . . . . . . . . . . 1 . Garrison Access Hacks 3 | . . . . . . . 1 . 2 . . . Unlock Access 2 | . . . . . . . 1 . 1 . . . Coupler Status 1 | . . . . . . . . . 1 . . . Unauthorized Hacks . | . . . . . . . . . . . . . Terminals . | . . . . . . . . . . . . . Fabricators . | . . . . . . . . . . . . . Repair Stations . | . . . . . . . . . . . . . Recycling Units . | . . . . . . . . . . . . . Scanalyzers . | . . . . . . . . . . . . . Garrison Access . | . . . . . . . . . . . . . Data Cores Recovered . | . . . . . . . . . . . . . Used . | . . . . . . . . . . . . . Hacking Detections 30 | . 2 . . 1 4 10 6 1 . 1 4 1 Full Trace Events 6 | . . . . . 2 2 1 1 . . . . Feedback Events . | . . . . . . . . . . . . . Feedback Blocked . | . . . . . . . . . . . . . Robot Schematics Acquired . | . . . . . . . . . . . . . Robots Built . | . . . . . . . . . . . . . Authchips . | . . . . . . . . . . . . . Time . | . . . . . . . . . . . . . Total Robot Build Rating . | . . . . . . . . . . . . . Part Schematics Acquired 1 | . . . . . . 1 . . . . . . Parts Built . | . . . . . . . . . . . . . Authchips . | . . . . . . . . . . . . . Time . | . . . . . . . . . . . . . Total Part Build Rating . | . . . . . . . . . . . . . Parts Repaired 2 | . . . . . 2 . . . . . . . Time 58 | . . . . . 58 . . . . . . . Parts Recycled . | . . . . . . . . . . . . . Recycled Matter 377 | . . . . . . 377 . . . . . . Retrieved Matter . | . . . . . . . . . . . . . Retrieved Components 13 | . 4 . . . 9 . . . . . . . Parts Scanalyzed 1 | . . . . . . . . . . . 1 . Part Schematics Acquired . | . . . . . . . . . . . . . Parts Damaged . | . . . . . . . . . . . . . Bothacking | -11 -10 -10 -10 -9 -8 -8 -7 -7 -7 -7 -6 -6 ------------ Run | Yrd Mat Min Exi Min Mat Sto Fac Gar Fac Gar Fac Ext Used RIF Installer 1 | . . . . . . . . 1 . . . . Robots Hacked 2 | . . . . . 2 . . . . . . . Non-combat 2 | . . . . . 2 . . . . . . . Combat . | . . . . . . . . . . . . . Robot Hacks Applied 2 | . . . . . 2 . . . . . . . parse_system 2 | . . . . . 2 . . . . . . . Relay Couplers Released 15 | . . . . . . 1 . 9 . 5 . . Machine Destruction 15 | . . . . . . 1 . 9 . 5 . . Attached 1 | . . . . . . . . . . . . 1 Fabnet Peak Effective % . | . . . . . . . . . . . . . Robots Rewired 2 | . . . . . . . . 2 . . . . Allies Hacked . | . . . . . . . . . . . . . Hacks Repelled . | . . . . . . . . . . . . . Allies | -11 -10 -10 -10 -9 -8 -8 -7 -7 -7 -7 -6 -6 -------- Run | Yrd Mat Min Exi Min Mat Sto Fac Gar Fac Gar Fac Ext Total Allies 17 | . . 2 . . . 12 . 2 . . . 1 Largest Group 10 | . . 2 2 . . 10 10 4 2 . . 1 Highest-Rated Group 173 | . . 51 51 . . 173 173 77 51 . . 25 Highest-Rated Ally 31 | . . 31 31 . . 31 29 31 31 . . 25 Total Orders 11 | . . . . . . . 2 7 2 . . . STAY 3 | . . . . . . . . 3 . . . . ROAM 2 | . . . . . . . . 1 1 . . . FOLLOW 4 | . . . . . . . 1 2 1 . . . GUARD 2 | . . . . . . . 1 1 . . . . Ally Attacks 127 | . . 5 . . . 43 45 33 . . . 1 Total Damage 1857 | . . 102 . . . 614 609 488 . . . 44 Kills 24 | . . 3 . . . 7 4 10 . . . . Allies Corrupted . | . . . . . . . . . . . . . Allies Melted 1 | . . . . . . 1 . . . . . . Intel | -11 -10 -10 -10 -9 -8 -8 -7 -7 -7 -7 -6 -6 ------- Run | Yrd Mat Min Exi Min Mat Sto Fac Gar Fac Gar Fac Ext Robot Analysis Total . | . . . . . . . . . . . . . Derelict Logs Recovered 2 | . . 1 . 1 . . . . . . . . Drone Launches . | . . . . . . . . . . . . . Drone Recoveries . | . . . . . . . . . . . . . Exploration | -11 -10 -10 -10 -9 -8 -8 -7 -7 -7 -7 -6 -6 ------------- Run | Yrd Mat Min Exi Min Mat Sto Fac Gar Fac Gar Fac Ext Turns Passed 13880 | 188 447 1048 1625 725 1068 2069 562 1550 251 1629 1984 734 Spaces Moved 7140 | 111 261 641 963 479 563 994 346 784 97 625 781 495 Core 100 | 4 . . . . . . . . . . 1 95 Treads 4482 | 107 261 641 963 36 . 224 346 784 97 625 398 . Legs 2483 | . . . . 443 563 770 . . . . 382 325 Wheels . | . . . . . . . . . . . . . Hover . | . . . . . . . . . . . . . Flight 75 | . . . . . . . . . . . . 75 Fastest Speed 50 | 50 160 160 160 130 130 126 145 145 225 145 145 50 Average Speed 164 | 156 160 160 167 141 146 132 146 167 225 220 201 139 Slowest Speed 1450 | 160 160 160 240 270 200 225 148 225 225 225 1450 190 Overloaded Moves . | . . . . . . . . . . . . . Propulsion Burnouts . | . . . . . . . . . . . . . Robots Hopped . | . . . . . . . . . . . . . Cave-ins Triggered . | . . . . . . . . . . . . . Exploration Rate (%) 47 | 7 28 84 93 51 24 84 12 72 3 76 13 67 Regions Visited 12 Branch Regions 5 Pre-discovered Areas 1 | . . . . 1 . . . . . . . . Known Exits Taken 3 | . . . . . 1 . 1 . 1 . . . Unknown Exits Taken 7 | 1 1 1 1 1 . 1 . . . . 1 . Scrap Searched 5 | . . 3 . 2 . . . . . . . . Spaces Dug 97 | . . . . . . 93 . . . 3 1 . Terrain Destroyed 554 | . . . . 1 71 303 10 75 1 77 14 2 Melee . | . . . . . . . . . . . . . Projectile 42 | . . . . 1 4 15 . . 1 5 14 2 AOE 512 | . . . . . 67 288 10 75 . 72 . . Terrain Rammed . | . . . . . . . . . . . . . Walls Destroyed . | . . . . . . . . . . . . . Machines Disabled . | . . . . . . . . . . . . . Actions | -11 -10 -10 -10 -9 -8 -8 -7 -7 -7 -7 -6 -6 --------- Run | Yrd Mat Min Exi Min Mat Sto Fac Gar Fac Gar Fac Ext Total 8945 | 123 282 652 974 524 778 1689 397 986 128 803 1074 535 Wait 1035 | . 2 1 . 11 127 528 10 90 22 77 160 7 Move 7130 | 110 260 640 962 478 562 993 346 783 97 624 780 495 Hop . | . . . . . . . . . . . . . Pick Up 112 | 6 5 3 4 14 15 23 13 6 1 9 13 . Fast Attach 43 | 4 3 . 1 1 6 11 1 1 5 2 7 1 Attach 75 | 2 . 1 . 3 10 15 4 14 . 6 15 5 Detach 50 | . 2 . 1 1 9 11 2 14 . 3 6 1 Swap 96 | . 1 1 . 1 9 13 3 14 1 25 24 4 Drop 105 | . 4 . 5 12 9 29 12 7 2 12 2 11 Fire 245 | . 5 6 . 3 27 64 6 29 . 39 64 2 Melee 6 | . . . . . 3 . . . . . . 3 Ram . | . . . . . . . . . . . . . Kick 4 | . . . . . 1 1 . . . . 1 1 Crush 4 | 1 . . . . . 1 . . . . 2 . Escape Stasis 16 | . . . . . . . . 5 . 6 . 5 Rewire 24 | . . . 1 . . . . 23 . . . . Trap . | . . . . . . . . . . . . . Miscellaneous . | . . . . . . . . . . . . . Route ------- -11/Scrapyard -10/Materials -10/Mines (discovered 2 exits: [*Mat] / *Exi) -10/Exiles (discovered 2 exits: *Min x2) -9/Mines -8/Materials -8/Storage -7/Factory (discovered 2 exits: [*Low] / Gar) -7/Garrison (discovered 2 exits: *Fac x2) -7/Factory (discovered 2 exits: [*Low] / Gar) -7/Garrison (discovered 2 exits: *Fac x2) -6/Factory -6/Extension (discovered 2 exits: [*Fac] / [*Cet]) History --------- Turn | Location | Event 10 | -11/Scrapyard | Discovered new exit (range 15) 189 | -11/Scrapyard | Entered Materials 316 | -10/Materials | Build established: Mutant 376 | -10/Materials | Discovered new exit (range 7) 636 | -10/Materials | Entered Mines 637 | -10/Mines | Assembled infested the area 654 | -10/Mines | Met 8R-AWN 1114 | -10/Mines | Discovered new exit (range 5) 1509 | -10/Mines | Discovered new exit (range 5) 1684 | -10/Mines | Entered Exiles 1684 | -10/Exiles | Accompanied by 2 allies 1710 | -10/Exiles | Discovered new exit (range 15) 1714 | -10/Exiles | Led the pair of lost Derelicts to a safe place 1731 | -10/Exiles | Welcomed by 8R-AWN 1766 | -10/Exiles | Met EX-HEX 1843 | -10/Exiles | Met EX-DEC 2116 | -10/Exiles | Discovered new exit (range 14) 2225 | -10/Exiles | Met EX-BIN 2463 | -10/Exiles | Visited The Gauntlet 3023 | -10/Exiles | Aligned with FarCom system 3024 | -10/Exiles | Given EX-Vault access code 3061 | -10/Exiles | Opened EX-Vault 3079 | -10/Exiles | Found Firepult 3131 | -10/Exiles | Warned to stay clear of 0b10 Research branches 3309 | -10/Exiles | Left Exiles lab with Firepult 3309 | -10/Exiles | Entered Mines 3310 | -9/Mines | Learned location of Storage (-8) 3328 | -9/Mines | Met a Derelict bent on vengeance 3366 | -9/Mines | Learned location of 1 exit from Lower Caves 3391 | -9/Mines | Met a Derelict who couldn't figure out how to use a Trap Extractor 3584 | -9/Mines | Discovered new exit (range 11) 4034 | -9/Mines | Entered Materials 4034 | -8/Materials | Evolved 4 slots: Power x1, Propulsion x2, Utility x1 4035 | -8/Materials | Identified exit to Storage 4531 | -8/Materials | Repaired Disposable Heat Sink 4570 | -8/Materials | Repaired Lrg. Storage Unit 5102 | -8/Materials | Entered Storage 5275 | -8/Storage | Met a pair of Derelict thieves 5385 | -8/Storage | Destroyed 9 combat bots 6020 | -8/Storage | Garrison activated, responded to threat 6702 | -8/Storage | First assault squad dispatched 7059 | -8/Storage | Assisted by bots powering up and referring to "LRC-V3" 7147 | -8/Storage | Discovered new exit (range 12) 7171 | -8/Storage | Entered Factory 7171 | -7/Factory | Accompanied by 10 allies 7171 | -7/Factory | Evolved 2 slots: Utility x2 7363 | -7/Factory | Build established: Commander-Mutant 7422 | -7/Factory | Murdered 4 allies 7690 | -7/Factory | Discovered new exit (range 7) 7733 | -7/Factory | Identified exit to Garrison 7733 | -7/Factory | Entered Garrison 7733 | -7/Garrison | Accompanied by 4 allies 7754 | -7/Garrison | Triggered checkpoint 7818 | -7/Garrison | Triggered checkpoint 7842 | -7/Garrison | Triggered checkpoint 7864 | -7/Garrison | Lost 4 allies 7874 | -7/Garrison | Triggered checkpoint 7892 | -7/Garrison | Triggered checkpoint 7934 | -7/Garrison | Installed Relay Interface Framework 8096 | -7/Garrison | Build established: Mutant 8180 | -7/Garrison | Discovered new exit (range 11) 8290 | -7/Garrison | Triggered checkpoint 8315 | -7/Garrison | Garrison Relay disabled 8450 | -7/Garrison | Triggered checkpoint 8492 | -7/Garrison | Phase Generator disabled 8623 | -7/Garrison | Discovered new exit (range 9) 9283 | -7/Garrison | Entered Factory 9283 | -7/Factory | Accompanied by 2 allies 9427 | -7/Factory | Discovered new exit (range 15) 9534 | -7/Factory | Identified exit to Garrison 9534 | -7/Factory | Entered Garrison 9716 | -7/Garrison | Triggered checkpoint 9925 | -7/Garrison | Phase Generator disabled 10290 | -7/Garrison | Triggered checkpoint 10646 | -7/Garrison | Discovered new exit (range 15) 10744 | -7/Garrison | Triggered checkpoint 10793 | -7/Garrison | Garrison Relay disabled 10876 | -7/Garrison | Triggered checkpoint 10955 | -7/Garrison | Discovered new exit (range 12) 11076 | -7/Garrison | Triggered checkpoint 11163 | -7/Garrison | Entered Factory 11163 | -6/Factory | Evolved 2 slots: Propulsion x1, Weapon x1 11513 | -6/Factory | First assault squad dispatched 11605 | -6/Factory | Build established: Bothacker-Tank 12274 | -6/Factory | Build established: Bothacker-Skirmisher 12677 | -6/Factory | Build established: Bothacker-Tank 13074 | -6/Factory | System corruption reached 10% 13140 | -6/Factory | Discovered new exit (range 6) 13147 | -6/Factory | Entered Extension 13218 | -6/Extension | Rescued a captive Derelict 13497 | -6/Extension | First assault squad dispatched 13784 | -6/Extension | Lost 6 parts (2p1u3w) 13827 | -6/Extension | Spotted B-75 Beast 13829 | -6/Extension | Spotted B-75 Beast 13837 | -6/Extension | Core integrity fell below 50% 13867 | -6/Extension | Lost 7 parts (1p5n1u) 13867 | -6/Extension | Core integrity fell below 20% 13877 | -6/Extension | Discovered new exit (range 16) 13878 | -6/Extension | Discovered new exit (range 14) 13881 | -6/Extension | Destroyed by G-50 Soldier with Heavy Laser Last Messages --------------- 13832_ U-05 Engineer builds a Wall. 13833_ U-05 Engineer destroyed. 13834_ Nuclear Pulse Thruster destroyed. 13834_ Lgt. Ion Engine destroyed. 13835_ Machine disabled. 13835_ U-05 Engineer destroyed. 13836_ PLD4H,YS#=T6WYXJNMILR 13836_ Core Analyzer destroyed. 13836_ Knocked back. 13836_ Arm. Leg destroyed. 13837_ R-10 Processor collects Welding Torch. 13861_ System corrupted: Adv. Heat Sink rejected. 13861_ G-50 Soldier suffers critical hit (Burn). 13868_ Triggered Alarm Trap. 13868_ An alarm sounds. 13868_ ALERT: Alarm triggered, dispatching investigation squad. 13877_ EXIT=FOUND [Achievement: 10k Club] Map ----- +----------------------------------------------------+ | ??????????????????????????????????? | | ??????????????????????????????????? | | ??????????????????????????????????? | | ??????????????????????????????????? | | ??????????????????????????????????? | | ??????????????????????????????????? | | ??????????????????????????????????? | | ??????????????????????????????????? | | ??????????????????????????????????? | | ??????????????????????????????????? | | ??????????????????????????????????? | | ??????????????????????????????????? | | ??????????????????????????????????? | | ??????????????????????????????????? | | ??????????????????????????????????? | | ??????????????????????????????????? | | ??????????????????????????????????? | | ??????????????????????????????????? | | ??????????????????????????????????? | | ??????????????????????????????????? | | ?????????????????????????????#????? | | ????????????????????????????!#????? | | ???????????????????????##### ####?? | | ???????????????????????# "" "" #?? | | ######################## " " #?? | | @ * # | | < # | | ! ! =# | | ##? | | g R ! ! ? | | ##/#####/############### g ! g < # | | # ????????????????????# g # | | # ????????????????????###" "#### | | # ???????????????????????" "#??? | | ###???????????????????????"""""#??? | | ??????????????????????????######??? | | ??????????????????????????????????? | | ??????????????????????????????????? | | | | | | | | | | | | | | | | | | | | | | | | | +----------------------------------------------------+ Best States ------------- Heat Dissipation 94 Coolant Potential 65 Energy Generation 31 Energy Capacity 505 Matter Stores 300 Matter Capacity 300 Sight Range 20 Terrain Scan Range 14 Terrain Scan Density 10 Power Amplification 20 Armor Coverage 450 Resistance: KI 30 Resistance: EX 25 Evasion (%) 60 Target Analysis 5 Core Analysis 6 Recoil Reduction 4 Particle Charging 20 Relay Coupler Types 1 Relay Coupler Value 20 Authchip Count 1 Trap Extractor Capacity 6 Item Schematics ----------------- Hvy. Plasma Cannon | -8/Storage | Hacked Robot Schematics ------------------ None Fabricated ------------ Nothing Alien Tech Used ----------------- None Achievements -------------- 10k Club A New Friend Collateral Damage I Survived The Infestation Infiltrator Let's See Who's Tougher Please Form A Line Pyromaniac Safety First Shopping List Significant Disruption Storm Trooper The More The Merrier Troublemaker Challenges ------------ None Game ------ Seed LatentSpreadNetwork Manual? 0 Play Time 08:04:09 Cumulative 15.5 hours Start 2024.03.11 @ 21:48:30 End 2024.04.23 @ 22:33:34 Sessions 46 Manual Loads 0 Difficulty Rogue Special Mode None Game No. 4 Rogue 3 Adventurer 1 Explorer 0 Win Type - Total 0 Types 0/0/0/0/0/0/0/0/0 Lore% 13 Gallery% 14 Achievement% 15 Wizard Run 0 Options --------- Layout 2 ASCII 0 Keyboard 0 Movement Mouse Keybinds 0 Fullscreen 1 Font 32/Tamsyn Map View 50x44 Zoom Use 0% Tactical HUD 1 Map Filters NONE Filters NONE Steam 1 RUN: 4dcfccef-78e6-4aae-9f9f-716a0295078c